 Dungeon Crawl Stone Soup version 0.28-a0-1510-gd0f6b136d3 (webtiles) character file.

Game seed: 10971181015398728336

161 horus123 the Chopper (level 5, -4/46 HPs)
             Began as a Hill Orc Monk on Jan 16, 2022.
             Was a Believer of Beogh.
             Slain by an ogre (23 damage)
             ... on level 4 of the Dungeon.
             The game lasted 00:05:00 (2803 turns).

horus123 the Chopper (Hill Orc Monk)                Turns: 2803, Time: 00:05:01

Health: -4/46      AC:  9    Str: 16    XL:     5   Next: 42%
Magic:  3/6        EV:  7    Int: 10    God:    Beogh [**....]
Gold:   120        SH:  0    Dex: 13    Spells: 4/4 levels left

rFire   . . .      SeeInvis .   a - +2 hand axe
rCold   . . .      Faith    .   (no shield)
rNeg    . . .      Spirit   .   i - +0 chain mail
rPois   .          Reflect  .   (no helmet)
rElec   .          Harm     .   (no cloak)
rCorr   .          Rampage  .   (no gloves)
Will    .....                   (no boots)
Stlth   ..........              (no amulet)
HPRegen 0.15/turn               (no ring)
MPRegen 0.10/turn               (no ring)

@: no status effects
A: no striking features
a: Renounce Religion, Smiting


You were on level 4 of the Dungeon.
You worshipped Beogh.
Beogh was pleased with you.
You visited 1 branch of the dungeon, and saw 4 of its levels.

You collected 120 gold pieces.

Inventory:

Hand Weapons
 a - a +2 hand axe (weapon)
Missiles
 d - 4 javelins (quivered)
Armour
 b - a +0 robe
 c - a +0 ring mail
 g - a +0 scale mail
 i - a +0 chain mail (worn)
Scrolls
 j - a scroll of enchant weapon
Potions
 e - a potion of magic {unknown}
 f - a potion of attraction {unknown}
 h - a potion of curing
 k - a potion of invisibility {unknown}


   Skills:
 - Level 4.2 Fighting
 - Level 5.1 Axes
 - Level 3.6 Armour
 - Level 2.4 Dodging
 - Level 1.5 Stealth
 + Level 2.2 Invocations


You had 4 spell levels left.
You didn't know any spells.
Your spell library was empty.

Dungeon Overview and Level Annotations

Branches:
Dungeon (4/15)
 Temple: D:4-7

Altars:
Qazlal


Message History

Found 30 gold pieces.
There is a stone staircase leading up here.
An ogre is nearby!
There are no items here.
As you read the scroll labelled MOCIACUIXA, it crumbles to dust.
The scroll dissolves into smoke.
It was a scroll of fog.
Welcome back, horus123 the Hill Orc Monk.
Beogh says: Drown the unbelievers in a sea of blood!
Press ? for a list of commands and other information.
A jackal comes into view.
Aiming: Smiting
Press: ? - help, Dir - move target, f - ogre Smite: an ogre, wielding a +0 giant club You smite the ogre!
The ogre is heavily wounded.
Aiming: Smiting
Press: ? - help, Dir - move target, f/p - ogre Smite: an ogre, wielding a +0 giant club (heavily wounded)
You fail to use your ability.
A jackal comes into view. x2
Unknown command.
The jackal barks! x2
The ogre completely misses you.
You hit the ogre.
The ogre is heavily wounded.
You hit the jackal.
The jackal bites you but does no damage.
The ogre hits you with a +0 giant club.
You hit the ogre.
The ogre is severely wounded.
You hit the jackal. x2
The jackal bites you but does no damage.
The jackal barely misses you.
The ogre hits you with a +0 giant club!!
Ouch! That really hurt!
The jackal barely misses you.
The jackal bites you but does no damage.
The ogre hits you with a +0 giant club!!
Ouch! That really hurt!
You die...

##### ####§§§#
###§§§§§§#
#.#..O@§§§..#
#.....hh§...#
#.....h....§..#
#............$#
##$...........#
##............#
#.............
#............
#...........


You could see an ogre and 3 jackals.

Vanquished Creatures
  A centaur (D:3)
  An iguana (D:3)
  2 adders
  A worm (D:2)
  4 endoplasms
  A giant cockroach (D:1)
  5 goblins (D:2)
  2 hobgoblins
  3 jackals (D:2)
  3 quokkas
  6 ball pythons
  A frilled lizard (D:1)
  7 rats
37 creatures vanquished.

Vanquished Creatures (others)
  An adder (D:3)
  An orc (D:3)
  A kobold (D:3)
  A bat (D:3)
4 creatures vanquished.

Grand Total: 41 creatures vanquished

Notes
Turn   | Place    | Note
-------+----------+-------------------------------------------
     0 | D:1      | horus123 the Hill Orc Monk began the quest for the Orb.
     0 | D:1      | Reached XP level 1. HP: 19/19 MP: 1/1
   131 | D:1      | Found a faded altar of an unknown god.
   299 | D:1      | Reached XP level 2. HP: 25/27 MP: 2/2
   943 | D:2      | Reached skill level 5 in Axes
   943 | D:2      | Reached XP level 3. HP: 33/33 MP: 3/3
  1146 | D:2      | Reached skill level 1 in Armour
  1450 | D:3      | Became a worshipper of Beogh the Brigand
  1450 | D:3      | Reached * piety under Beogh
  1450 | D:3      | Reached ** piety under Beogh
  1727 | D:3      | Noticed a centaur
  1748 | D:3      | Killed a centaur
  1749 | D:3      | Reached XP level 4. HP: 6/40 MP: 4/4
  1749 | D:3      | Reached XP level 5. HP: 7/46 MP: 5/5
  2053 | D:3      | Reached skill level 1 in Invocations
  2677 | D:3      | Found a stormy altar of Qazlal.
  2794 | D:4      | Noticed an ogre
  2803 | D:4      | Slain by an ogre

Illustrated notes

Levels and vault maps discovered:
D:1:      dpeg_arrival_orchard, layout_basic, nicolae_ecumenical_snake_handling,
          kennysheep_crisscross
D:2:      layout_rooms
D:3:      layout_basic, mainiacjoe_overflow_alcove_1, st_stairs_12
D:4:      layout_cave_pods

Skill      XL: |  1  2  3  4  5 |
---------------+----------------+-----
Fighting       | 4 |  4.2
Axes           | 5 |  5.1
Armour         | 3 |  3.6
Invocations    | 2 |  2.2
Dodging        | |  2.4
Stealth        | |  1.5

Action                   |  1- 3 |  4- 6 || total
-------------------------+-------+-------++-------
Melee: Hand axe          |   103 |    27 ||   130
       Punch             |     1 |       ||     1
Invok: Convert to Beogh  |     1 |       ||     1
       Smiting           |       |     1 ||     1
  Use: Scroll            |     4 |     1 ||     5
       Potion            |     2 |       ||     2
Armor: Robe              |     1 |       ||     1
       Scale mail        |    25 |       ||    25
       Ring mail         |     1 |       ||     1
       Chain mail        |    21 |    11 ||    32
Dodge: Dodged            |    61 |    12 ||    73

Table legend: (Time is in decaauts)
 A = Elapsed time spent in this place.
 B = Non-inter-level travel time spent in this place.
 C = Inter-level travel time spent in this place.
 D = Time resting spent in this place.
 E = Time spent auto-exploring this place.
 F = Levels seen in this place.
 G = Mean time per level.
                   A        B        C        D        E       F      G
               +--------+--------+--------+--------+--------+-----+--------+
         Total |   2810 |   2761 |     49 |    398 |   1992 |   4 |  702.5 |
       Dungeon |   2810 |   2761 |     49 |    398 |   1992 |   4 |  702.5 |
               +--------+--------+--------+--------+--------+-----+--------+

Top non-repeatable levels by time:
     D:3: 1349 daAuts
     D:1: 789 daAuts
     D:2: 662 daAuts
     D:4: 9 daAuts
